Map: Lost and Found LE

Players

RazerBlader - Winner!

  • Race: Terran Terran
  • League: Grandmaster
  • Spawn Location: 1:00

Ryosis

  • Race: Zerg Zerg
  • League: Grandmaster
  • Spawn Location: 7:00

VOD

Have the link to the VOD?

Description

Time

  • Played on: Oct. 20, 2018, 12:39 p.m.
  • Length: 16:44
Show
View Real Time Build Order
Export as new Build Order

RazerBlader Terran - Winner!

Build Orders: Liberator Opening, Reaper Expand, MMM Bio 

Get SALT Encoding   

  12  0:01  SCV  
  13  0:13  SCV  
  14  0:17  Supply Depot  
  14  0:25  SCV  
  15  0:38  SCV  
  15  0:39  Barracks  
  16  0:43  Refinery  
  16  0:50  SCV  
  17  1:02  SCV  
  18  1:15  SCV  
  19  1:27  Reaper, Orbital Command  
  20  1:39  Command Center  
  20  1:48  Supply Depot  
  20  1:52  SCV  
  21  1:59  Marine  
  22  2:04  SCV  
  22  2:07  Factory  
  23  2:12  Refinery  
  23  2:16  SCV  
  23  2:20  Barracks Reactor  
  24  2:28  SCV  
  25  2:41  SCV  
  26  2:52  Starport  
  26  2:53  SCV, Orbital Command  
  27  3:00  Hellion x2  
  27  3:05  SCV  
  32  3:08  Barracks Tech Lab  
  32  3:11  Supply Depot  
  32  3:17  SCV  
  33  3:20  SCV  
  33  3:22  Hellion x2  
  38  3:29  SCV  
  38  3:32  SCV  
  40  3:36  Viking  
  40  3:41  SCV, Barracks Tech Lab  
  42  3:42  Supply Depot  
  42  3:44  Hellion  
  42  3:45  SCV  
  46  3:49  Hellion  
  46  3:53  SCV  
  46  3:55  Liberator  
  49  3:57  SCV  
  49  4:00  Marine  
  49  4:01  Stimpack  
  51  4:05  SCV  
  51  4:07  Hellion  
  51  4:09  SCV  
  55  4:10  Hellion  
  60  4:17  SCV  
  60  4:21  SCV  
  60  4:22  Supply Depot  
  62  4:40  Supply Depot  
  62  4:41  Supply Depot, Command Center  
  62  4:43  SCV x2  
  64  4:55  SCV, Barracks x2  
  65  5:01  Factory Reactor  
  65  5:04  SCV  
  66  5:08  SCV  
  66  5:13  Engineering Bay  
  66  5:14  Engineering Bay  
  67  5:16  SCV, Refinery  
  67  5:17  Refinery  
  67  5:20  SCV  
  69  5:27  Starport Reactor  
  69  5:28  SCV  
  69  5:32  SCV  
  71  5:36  Marine  
  71  5:40  Terran Infantry Weapons Level 1, SCV, Terran Infantry Armor Level 1  
  73  5:44  SCV  
  73  5:45  Barracks x2  
  74  5:51  Marine  
  74  5:52  SCV, Marine x3  
  74  5:53  Siege Tank  
  74  5:54  Orbital Command  
  74  5:56  SCV  
  83  6:02  Marine  
  84  6:05  SCV  
  84  6:06  Medivac  
  84  6:08  SCV  
  84  6:09  Marine x3  
  84  6:10  Medivac, Marine  
  94  6:15  Orbital Command  
  94  6:17  SCV  
  95  6:20  Supply Depot, SCV, Marine  
  95  6:25  Combat Shields  
  97  6:27  Armory, Marine x2  
  97  6:29  SCV  
  97  6:31  Siege Tank, Marine x2  
  97  6:32  SCV  
  106  6:41  SCV  
  106  6:44  SCV  
  106  6:46  Barracks Reactor x2  
  108  6:48  SCV  
  108  6:50  Supply Depot  
  108  6:51  Refinery  
  108  6:52  Supply Depot, Marine  
  108  6:53  SCV  
  108  6:54  Marine  
  111  6:56  SCV  
  111  6:58  Marine x2  
  111  6:59  Marine  
  116  7:05  Supply Depot  
  116  7:10  Marine  
  116  7:11  Supply Depot, Refinery  
  116  7:12  Siege Tank  
  120  7:17  Marine x2  
  120  7:19  Medivac  
  120  7:20  Medivac  
  120  7:21  SCV  
  120  7:22  SCV  
  128  7:24  Supply Depot, SCV  
  128  7:25  Supply Depot  
  128  7:26  Marine x2  
  131  7:36  Marine  
  131  7:37  Marine  
  132  7:39  Marine  
  132  7:40  Marine x4  
  138  7:44  Siege Tank  
  138  7:46  Marine  
  138  7:48  Marine  
  138  7:49  Medivac  
  138  7:50  Medivac  
  132  7:54  Marine x2  
  132  7:57  Marine  
  132  7:58  Marine x4  
  134  8:04  Marine  
  120  8:05  Marine  
  120  8:12  Marine x2  
  107  8:15  Marine x2  
  107  8:16  SCV x2, Siege Tank, Marine x2  
  107  8:17  SCV  
  107  8:19  Terran Infantry Weapons Level 2  
  119  8:20  Terran Infantry Armor Level 2  
  119  8:22  Medivac, Marine x2  
  119  8:24  Medivac  
  124  8:28  SCV x2  
  124  8:29  SCV  
  124  8:30  Marine x2  
  124  8:33  Supply Depot  
  129  8:37  Marine x4  
  129  8:38  Marine  
  129  8:40  SCV, Marine  
  129  8:41  Marine  
  136  8:44  Terran Vehicle Weapons Level 1  
  136  8:47  Marine  
  136  8:48  Siege Tank, Marine  
  142  8:52  Missile Turret  
  142  8:53  Missile Turret  
  142  8:55  Marine x3  
  143  8:57  Marine x2  
  143  8:58  Marine  
  146  9:05  Marine x2  
  146  9:06  Factory  
  146  9:10  Missile Turret  
  146  9:13  Marine  
  146  9:18  Command Center  
  146  9:21  Thor  
  146  9:22  Marine x2  
  154  9:25  Marine  
  154  9:26  Marine x3  
  154  9:27  Marine  
  157  9:31  Medivac, Marine  
  157  9:32  Marine  
  157  9:35  Medivac  
  163  9:40  Marine x2  
  163  9:43  Supply Depot, Marine x2  
  167  9:49  Marine  
  168  9:52  Marine  
  168  9:53  Marine x2  
  168  9:54  Factory Tech Lab  
  168  9:56  Supply Depot, SCV  
  168  9:57  SCV  
  173  10:00  Missile Turret  
  173  10:04  SCV, Marine  
  173  10:06  Thor  
  181  10:14  Barracks Reactor, Marine x3  
  179  10:19  Thor  
  187  10:22  Marine x2  
  187  10:26  Missile Turret, Marine  
  187  10:27  Marine  
  181  10:32  Marine x2  
  181  10:33  Medivac  
  185  10:35  Medivac  
  185  10:36  Marine  
  185  10:40  Missile Turret, Marine  
  185  10:50  Thor  
  185  10:54  Planetary Fortress  
  185  10:55  Marine  
  195  11:00  Marine  
  197  11:05  Terran Infantry Weapons Level 3  
  197  11:08  Terran Infantry Armor Level 3  
  197  11:09  SCV  
  197  11:10  Marine x2  
  196  11:14  Marine  
  196  11:15  Marine x2  
  196  11:17  Marine x3  
  200  11:23  Bunker  
  200  11:26  Sensor Tower  
  197  11:36  Command Center  
  197  11:38  Marine x2  
  197  11:48  Barracks  
  197  11:49  Barracks  
  196  12:02  Terran Vehicle Weapons Level 2  
  196  12:03  Marine  
  196  12:04  Barracks  
  197  12:24  Marine  
  197  12:25  Thor, Marauder  
  176  12:30  Thor  
  181  12:42  Marine  
  177  12:46  Marauder, Marine x3  
  177  12:47  Marine  
  177  12:49  Barracks Tech Lab  
  177  12:50  Marine x3  
  172  12:54  Planetary Fortress  
  172  12:57  Barracks Tech Lab  
  163  13:00  Marine  
  163  13:04  Marine x3  
  163  13:05  SCV, Marine  
  168  13:07  Marine  
  168  13:08  Thor  
  174  13:15  Marine  
  175  13:26  Marine x3  
  175  13:27  Marauder x3, Marine  
  145  13:29  Marine x2  
  150  13:36  Marine x2  
  152  13:44  Marine x3  
  152  13:45  Missile Turret, Marine  
  152  13:47  Marine x2  
  162  13:48  Marauder x3  
  162  13:53  Marine  
  162  13:54  Marine  
  166  14:00  Siege Tank  
  166  14:01  Siege Tank  
  166  14:02  Marine x3  
  175  14:03  Marine  
  175  14:06  Marine  
  175  14:07  Marine  
  182  14:10  Marauder x2  
  182  14:13  Marauder, Marine  
  182  14:14  Marine  
  165  14:42  Marine  
  156  14:53  Marine  
  156  14:54  Marine  
  156  14:55  Marine  
  156  15:19  Orbital Command  
  153  15:36  Supply Depot x2  
  153  15:40  Liberator x2  
  152  15:56  Supply Depot  
  152  15:57  Supply Depot, Siege Tank, Marine x3  
  152  16:00  Supply Depot  
  164  16:12  Marine  
  164  16:13  Marine x2  
  164  16:14  Marine x3  
  164  16:15  Marauder x2, Marine x2  
  164  16:16  Marauder  
Show
View Real Time Build Order
Export as new Build Order

Ryosis Zerg 

Build Orders: Hatch First, Muta Ling Bane 

Get SALT Encoding   

  12  0:00  Drone  
  13  0:12  Overlord  
  13  0:16  Drone  
  14  0:31  Drone x2  
  16  0:47  Hatchery  
  15  0:51  Drone  
  15  0:54  Drone  
  17  0:57  Drone  
  18  1:08  Extractor  
  17  1:13  Spawning Pool  
  17  1:16  Drone  
  17  1:18  Drone  
  18  1:27  Drone  
  19  1:38  Drone  
  20  1:49  Drone  
  21  2:00  Zergling x4  
  21  2:01  Queen x2  
  27  2:13  Hatchery  
  26  2:18  Overlord  
  26  2:21  Drone  
  27  2:23  Drone  
  27  2:28  Spore Crawler  
  27  2:33  Metabolic Boost  
  27  2:36  Drone  
  28  2:38  Drone  
  28  2:39  Drone  
  30  2:46  Overlord  
  30  2:51  Queen  
  30  2:53  Drone  
  30  2:56  Drone  
  35  2:58  Drone  
  35  3:05  Drone x2  
  37  3:11  Drone  
  38  3:13  Overlord  
  38  3:14  Drone x2  
  40  3:21  Zergling x2  
  40  3:26  Queen, Drone x2  
  43  3:31  Queen  
  47  3:35  Drone  
  47  3:36  Drone  
  47  3:41  Queen  
  49  3:44  Zergling x6  
  54  3:51  Overlord  
  54  3:52  Zergling x4  
  56  4:01  Drone x2  
  56  4:02  Overlord  
  58  4:09  Queen  
  60  4:12  Drone x2, Overlord  
  60  4:13  Drone x3  
  60  4:15  Drone  
  66  4:22  Drone x2  
  66  4:24  Overlord  
  68  4:30  Overlord  
  68  4:35  Spore Crawler  
  68  4:36  Drone x2, Spore Crawler x2  
  68  4:37  Drone x2  
  68  4:38  Drone  
  70  4:44  Drone  
  71  4:45  Drone  
  71  4:46  Evolution Chamber  
  71  4:47  Evolution Chamber  
  71  4:48  Drone x2  
  71  4:50  Zergling x2  
  71  4:52  Zergling x2  
  74  4:58  Zergling x6  
  74  4:59  Drone x2  
  78  5:01  Drone  
  79  5:13  Drone  
  79  5:14  Drone x2  
  82  5:17  Drone x2  
  82  5:20  Drone x2  
  86  5:23  Hatchery  
  86  5:26  Zerg Melee Weapons Level 1, Zerg Ground Armor Level 1  
  86  5:28  Extractor, Drone x2  
  87  5:29  Extractor  
  87  5:30  Lair  
  87  5:33  Extractor, Drone x2  
  87  5:35  Zergling x4  
  85  5:39  Extractor, Drone x2  
  85  5:41  Overlord  
  86  5:47  Overlord  
  86  6:01  Baneling Nest  
  86  6:03  Overlord  
  85  6:05  Extractor, Drone x2  
  85  6:06  Drone  
  85  6:07  Drone x4, Hatchery  
  85  6:10  Overlord  
  90  6:17  Drone  
  90  6:21  Zergling x14  
  97  6:31  Overlord  
  98  6:32  Zergling x2  
  98  6:33  Zergling x4  
  100  6:41  Drone x2  
  100  6:42  Spire, Drone  
  100  6:44  Queen, Drone x4  
  100  6:45  Drone  
  100  6:46  Centrifical Hooks  
  108  6:48  Baneling x3  
  108  6:52  Baneling  
  108  6:53  Baneling x4  
  108  7:00  Baneling  
  108  7:01  Baneling x2  
  108  7:03  Drone x3  
  108  7:04  Overlord  
  108  7:06  Zergling x12  
  108  7:07  Baneling  
  117  7:11  Zergling x6  
  120  7:17  Overlord  
  120  7:18  Baneling x2  
  120  7:20  Queen  
  122  7:26  Zerg Melee Weapons Level 2, Zerg Ground Armor Level 2  
  122  7:33  Baneling  
  122  7:34  Baneling x7  
  120  7:38  Zergling x2  
  120  7:39  Zergling x18  
  120  7:40  Baneling x4  
  120  7:43  Zergling x4  
  120  7:44  Zergling x2  
  133  7:49  Zergling x14  
  135  7:53  Zergling x2  
  135  7:54  Zergling x6  
  126  8:07  Mutalisk x2  
  126  8:08  Mutalisk x4  
  134  8:16  Zerg Flyer Weapons Level 1  
  133  8:22  Mutalisk  
  133  8:23  Zergling x12  
  133  8:24  Zergling x2  
  133  8:26  Extractor  
  141  8:28  Queen, Hatchery, Extractor  
  141  8:29  Overlord  
  141  8:34  Overlord x2  
  141  8:36  Overlord  
  141  8:44  Baneling x7  
  141  8:47  Overlord  
  141  8:49  Mutalisk x3  
  141  8:53  Overlord, Mutalisk  
  148  8:57  Drone x2  
  148  8:58  Drone  
  148  9:01  Mutalisk  
  153  9:03  Overlord  
  153  9:07  Mutalisk  
  153  9:09  Drone x3  
  158  9:11  Mutalisk  
  158  9:12  Mutalisk  
  158  9:15  Zergling x8  
  166  9:20  Mutalisk  
  167  9:24  Mutalisk  
  167  9:28  Mutalisk  
  167  9:29  Overlord  
  170  9:31  Zergling x16  
  177  9:38  Mutalisk  
  177  9:39  Infestation Pit  
  177  9:43  Zergling x4  
  177  9:44  Zergling x8  
  183  9:49  Zergling x14  
  188  9:54  Mutalisk x2  
  188  9:58  Mutalisk x2  
  196  10:01  Baneling x6  
  196  10:03  Zergling x4  
  198  10:09  Overlord  
  192  10:16  Zerg Flyer Weapons Level 2  
  192  10:18  Mutalisk x2  
  196  10:22  Overlord  
  193  10:28  Hive  
  193  10:29  Zergling x12  
  193  10:31  Baneling x3  
  193  10:32  Baneling x2  
  199  10:46  Mutalisk x2  
  197  10:58  Zergling x6  
  197  11:01  Overlord  
  200  11:05  Baneling x7  
  200  11:06  Baneling x15  
  200  11:10  Extractor, Hatchery  
  198  11:12  Spore Crawler  
  198  11:13  Zergling x2  
  198  11:14  Zergling x4  
  198  11:17  Baneling x9  
  198  11:18  Baneling  
  200  11:23  Baneling x5  
  183  11:34  Zergling x20  
  183  11:39  Adrenal Glands, Baneling x6  
  182  11:49  Zergling x2  
  182  11:50  Zergling x20  
  175  11:57  Zerg Ground Armor Level 3  
  175  12:05  Zerg Melee Weapons Level 3  
  175  12:16  Zergling x6  
  175  12:17  Ultralisk Cavern, Zergling x22  
  175  12:20  Baneling x7  
  188  12:29  Zergling x2  
  160  12:30  Zergling x30  
  169  12:37  Zergling x12  
  173  12:49  Baneling x12  
  173  12:50  Baneling x10  
  172  12:57  Baneling  
  172  12:58  Baneling x10  
  160  13:02  Baneling x8  
  159  13:09  Drone x5  
  158  13:13  Chitinous Plating  
  132  13:27  Ultralisk x2  
  137  13:34  Ultralisk  
  149  13:41  Ultralisk  
  145  13:49  Ultralisk  
  151  13:57  Zergling x12  
  151  14:01  Ultralisk  
  163  14:08  Ultralisk, Zergling x2  
  170  14:15  Ultralisk  
  170  14:16  Zergling x4  
  175  14:25  Zergling x18  
  176  14:31  Zergling x2  
  176  14:32  Zergling x10  
  165  14:43  Zergling x10  
  136  14:50  Baneling x4  
  126  15:04  Zergling x22  
  124  15:12  Zergling x10  
  120  15:16  Zergling x4  
  117  15:27  Zergling x26  
  114  15:49  Hatchery  
  112  15:56  Hatchery  
  111  16:05  Zergling x12  
  118  16:15  Zergling x8  
  118  16:16  Zergling x10  
  124  16:21  Baneling x2  
  124  16:23  Zergling x2  
  124  16:24  Zergling x4  
Tags
 
Add a new tag
Caveats
  • Supply blocks, unpowered buildings, or Contaminate may cause inaccurate times.
  • Supply counts are checked every 10 seconds.